 Dungeon Sprint DCSS version 0.31-a0-1309-gbf3fed316f (webtiles) character file.

Game seed: 10466273874423668818

7188 Conn the Arsonist (level 11, -4/105 HPs)
             Began as an Octopode Fire Elementalist on Dec 20, 2023.
             Was a High Priest of Sif Muna.
             Slain by a sphinx (7 damage)
             ... in the Dungeon (Sprint II: "The Violet Keep of Menkaure").
             The game lasted 00:36:21 (2566 turns).

Conn the Arsonist (Octopode Fire Elementalist)      Turns: 2566, Time: 00:36:22

Health: -4/105     AC: 25    Str:  8    XL:     11   Next: 11%
Magic:  17/26      EV:  2    Int: 21    God:    Sif Muna [*****.]
Gold:   4          SH:  0    Dex: 13    Spells: 8/32 levels left

rFire   + + +        c - +7 dagger of Nightmares {freeze, rElec rF+ rCorr}
rCold   + . .        q - +0 buckler
rNeg    . . .        (helmet currently unavailable)
rPois   +            (no amulet)
rElec   +            e - ring of poison resistance
rCorr   +            j - ring of protection from cold
SInv    .            l - ring of fire
Will    .....        (no ring)
Stlth   +            (no ring)
HPRegen 0.37/turn    (no ring)
MPRegen 0.20/turn    (no ring)
                     (no ring)

%: no teleportation
@: confused, tree-form (expiring), resistant, very slow
A: stationary, stasis, torment immunity, boosted hp, almost no armour,
(amphibious), 8 rings, (camouflage 2), (gelatinous body 1), (nimble swimmer 1),
(tentacles), (shaggy fur 1), MP-powered wands
a: Renounce Religion, Channel Magic, Forget Spell, Divine Exegesis


You were in the Dungeon.
You worshipped Sif Muna.
Sif Muna was extremely pleased with you.
You were a tree.
You visited 1 branch You collected 1462 gold pieces.
You spent 1458 gold pieces at shops.

Inventory:

Hand Weapons
 c - the +7 dagger of Nightmares (weapon) {freeze, rElec rF+ rCorr}
   (You bought it in a shop in the Dungeon)

   rF+:       It protects you from fire.
   rElec:     It insulates you from electricity.
   rCorr:     It protects you from acid and corrosion.
 r - a +1 hand axe of draining
Missiles
 n - 4 curare-tipped darts
Armour
 q - a +0 buckler (worn)
Jewellery
 e - a ring of poison resistance (left branch)
 j - a ring of protection from cold (right branch)
 l - a ring of fire (on tentacle)
Scrolls
 d - a scroll of revelation
 g - a scroll of poison
 i - a scroll of amnesia
Potions
 a - 5 potions of magic
 b - a potion of degeneration
 k - 2 potions of resistance
 m - 2 potions of enlightenment
 o - a potion of lignification


   Skills:
 + Level 4.9 Fighting
 + Level 4.6 Dodging
 - Level 6.0 Stealth
 * Level 8.5 Shields
 - Level 3.3 Unarmed Combat
 + Level 11.2 Spellcasting
 * Level 9.5 Conjurations
 - Level 7.0 Hexes
 * Level 4.2 Summonings
 * Level 4.4 Translocations
 + Level 12.1 Fire Magic
 * Level 5.8 Air Magic
 - Level 3.0 Poison Magic
 * Level 9.4 Invocations


You had 8 spell levels left.
You knew the following spells:

 Your Spells              Type           Power      Damage    Failure   Level
a - Foxfire               Conj/Fire      100%       2x1d9     1%          1
b - Scorch                Fire           100%       2d9       1%          2
c - Inner Flame           Hex/Fire       68%        N/A       1%          3
d - Flame Wave            Conj/Fire      72%        2d16      1%          4
e - Mephitic Cloud        Conj/Pois/Air  37%        N/A       1%          3
f - Call Canine Familiar  Summ           29%        N/A       4%          3
g - Plasma Beam           Fire/Air       32%        2x1d45    28%         6
h - Blink                 Tloc           60%        N/A       1%          2

Your spell library contained the following spells:

 Spells                   Type           Power      Damage    Failure   Level
 Lesser Beckoning         Tloc           60%        N/A       1%          2
 Momentum Strike          Conj/Tloc      82%        3d10      1%          2
 Sigil of Binding         Hex            41%        N/A       1%          3
 Volatile Blastmotes      Fire/Tloc      100%       2d18      1%          3
 Dimensional Bullseye     Hex/Tloc       17%        N/A       8%          4
 Conjure Ball Lightning   Conj/Air       22%        3x3d6     45%         6
 Leda's Liquefaction      Tmut/Erth      5%         N/A       61%         4


Dungeon Overview and Level Annotations

Branches:
Dungeon (1/1)

Altars:
Cheibriados
Dithmenos
Elyvilon
Fedhas
Gozag
Hepliaklqana
Kikubaaqudgha
Makhleb
Nemelex Xobeh
Okawaru
Qazlal
Ru
Sif Muna
Trog
Uskayaw
Vehumet
Wu Jian
Xom
Yredelemnul
Zin
The Shining One
Jiyva
Lugonu

Shops:
D !?:[(=:(=([?(![

Annotations:
D exclusions: obsidian statue, oklob plant and orange crystal statue, Kirke


Innate Abilities, Weirdness & Mutations

You are a tree.
Your roots penetrate the ground, keeping you stationary.
You cannot be teleported.
You are immune to unholy pain and torment.
Your maximum health is greatly increased.
You cannot wear most types of armour.
((You are amphibious.))
You can wear up to eight rings at the same time.
((Your skin blends seamlessly with your surroundings (Stealth++).))
((Your rubbery body absorbs attacks. (AC +1, EV +1)))
((You are camouflaged when in or above water. (Stealth+)))
((You have tentacles for arms and can constrict up to eight enemies at once.))
((You are covered in fur. (AC +1)))
You expend magic power (3 MP) to strengthen your wands.


Message History

The sphinx is engulfed in blazing flames.
Flame seeps out of the sphinx.
You block the sphinx's attack. The sphinx hits you but does no damage.
You block the sphinx's attack.
You feel protected.
Your transformation is almost over.
The sphinx is engulfed in blazing flames.
Flame seeps out of the sphinx.
The sphinx hits you.
* * * LOW HITPOINT WARNING * * *
The sphinx hits you but does no damage. x2
You aren't carrying any items that you can evoke.
Unknown command.
Unknown command.
Magic courses through your body. You block the sphinx's attack.
The sphinx hits you but does no damage. You block the sphinx's attack.
The sphinx mumbles some strange words.
You are confused.
Okay, then.
Unknown command.
You cannot move. (Use ctrl+direction or * direction to attack while stationary and confused.)
You swing at nothing.
The sphinx hits you!
* * * LOW HITPOINT WARNING * * *
The sphinx hits you but does no damage. x2
Unknown command.
Unknown command.
Okay, then.
Unknown command.
You are too confused!
Unknown command.
Unknown command.
Unknown command.
Okay, then.
Okay, then.
You feel extremely strange.
You feel weaker.
Your magical essence no longer links to wands of the dungeon.
Your natural camouflage becomes more effective.
You feel your magical essence link to the dungeon's wands.
Fur sprouts all over your body.
The sphinx is no longer more vulnerable to fire.
The sphinx hits you!
You die...

§~~~~§~~.~#._._._._#§~≈≈####▓▓ ▓
~~≈§§~~~~~#_._._._.#~§§§≈##..# $▓
~~§§≈§§§~~#._._._._#~§§≈≈§#..#$.▓
#~≈§§≈≈§≈~#.._._._.#~~§§~≈'..H$$▓
##≈≈≈###≈≈#..._._._#~§§§≈~#§§#$.▓
.##§≈# #§§#...._._.#~§≈≈§≈▓..# $▓
..+≈§# #≈§#....._..#~§§≈▓▓▓▓▓▓▓ ▓
.##≈≈≈≈≈§≈##########§§≈≈▓z..≈≈≈
## #######~~~~~♣H~§§≈§≈▓z..≈≈≈ #
≈≈≈≈###~########≈▓▓▓▓▓▓▓▓▓≈
§≈§§≈##~# #▓▓ 8≈§≈≈≈+~# ≈≈≈§≈####
§§§§#


You could see a sphinx (inner flame).

Vanquished Creatures
  A kraken (D)
  A sphinx (D)
  2 boulder beetles (D)
  A death drake (D)
  2 deep trolls (D)
  A merfolk siren (D)
  A yaktaur (D)
  3 polar bears (D)
  A hornet (D)
  A blink frog (D)
  Menkaure (D)
  2 swamp drakes (D)
  4 crocodiles (D)
  4 scorpions (D)
  3 worms (D)
  6 tentacles (D)
34 creatures vanquished.

Vanquished Creatures (others)
  67 foxfires (D)
  74 tentacles (D)
141 creatures vanquished.

Grand Total: 175 creatures vanquished

Notes
Turn   | Place    | Note
-------+----------+-------------------------------------------
     0 | D        | Conn the Octopode Fire Elementalist began the quest for the
                  | Orb.
     0 | D        | Reached XP level 1. HP: 11/11 MP: 3/3
     4 | D        | Noticed a boulder beetle
     4 | D        | Noticed a boulder beetle
     8 | D        | Noticed a merfolk siren
    11 | D        | Noticed a scorpion
    11 | D        | Noticed a scorpion
    11 | D        | Noticed a scorpion
    11 | D        | Noticed a scorpion
    16 | D        | Killed a scorpion
    17 | D        | Reached skill level 5 in Fire Magic
    17 | D        | Reached XP level 2. HP: 20/20 MP: 3/5
    17 | D        | Reached XP level 3. HP: 25/25 MP: 4/7
    17 | D        | Reached XP level 4. HP: 30/30 MP: 4/8
    21 | D        | Killed a scorpion
    22 | D        | Reached skill level 6 in Fire Magic
    22 | D        | Reached XP level 5. HP: 33/36 MP: 4/10
    24 | D        | Reached skill level 7 in Fire Magic
    29 | D        | Reached XP level 6. HP: 14/44 MP: 4/12
    34 | D        | HP: 2/44 [poisoned by a scorpion]
    48 | D        | Learned a level 2 spell: Scorch
    52 | D        | Learned a level 3 spell: Inner Flame
    57 | D        | Learned a level 4 spell: Flame Wave
    69 | D        | Found an iron altar of Okawaru.
    69 | D        | Found an opulent altar of Gozag.
    70 | D        | Found a sparkling altar of Nemelex Xobeh.
    70 | D        | Found a blossoming altar of Fedhas.
    71 | D        | Found a radiant altar of Vehumet.
    71 | D        | Found a burning altar of Makhleb.
    71 | D        | Found a white marble altar of Elyvilon.
    72 | D        | Found a hide-covered altar of Uskayaw.
    72 | D        | Found a corrupted altar of Lugonu.
    72 | D        | Found a shadowy altar of Dithmenos.
    73 | D        | Found a glowing silver altar of Zin.
    73 | D        | Found a bloodstained altar of Trog.
    73 | D        | Found an ancient bone altar of Kikubaaqudgha.
    74 | D        | Found a basalt altar of Yredelemnul.
    74 | D        | Found a shimmering blue altar of Sif Muna.
    74 | D        | Found a viscous altar of Jiyva.
    75 | D        | Found a shimmering altar of Xom.
    75 | D        | Found a sacrificial altar of Ru.
    77 | D        | Found a glowing golden altar of the Shining One.
    77 | D        | Found an ornate altar of the Wu Jian Council.
    77 | D        | Found a stormy altar of Qazlal.
    77 | D        | Found a snail-covered altar of Cheibriados.
    77 | D        | Found a hazy altar of Hepliaklqana.
    83 | D        | Became a worshipper of Sif Muna the Loreminder
    96 | D        | Noticed a kraken
   131 | D        | Got the Codex of Crystalline Feathers
   223 | D        | Learned a level 3 spell: Mephitic Cloud
   247 | D        | Reached skill level 5 in Stealth
   247 | D        | Reached skill level 1 in Shields
   247 | D        | Reached skill level 5 in Spellcasting
   247 | D        | Reached skill level 5 in Conjurations
   247 | D        | Reached skill level 8 in Fire Magic
   247 | D        | Reached skill level 1 in Air Magic
   277 | D        | Reached * piety under Sif Muna
   278 | D        | Reached XP level 7. HP: 41/49 MP: 1/14
   381 | D        | Learned a level 3 spell: Call Canine Familiar
   382 | D        | Noticed a deep troll
   383 | D        | Noticed a deep troll
   385 | D        | Noticed a flying skull
   385 | D        | Noticed a flying skull
   385 | D        | Noticed a flying skull
   385 | D        | Noticed a flying skull
   385 | D        | Noticed a flying skull
   385 | D        | Noticed a flying skull
   640 | D        | Killed a deep troll
   641 | D        | Reached skill level 9 in Fire Magic
   641 | D        | Reached XP level 8. HP: 54/54 MP: 1/17
   802 | D        | Noticed a yaktaur
   802 | D        | Noticed a hornet
   802 | D        | Noticed a polar bear
   803 | D        | Noticed a polar bear
   804 | D        | Noticed a polar bear
   814 | D        | Killed a polar bear
   814 | D        | Killed a polar bear
   814 | D        | Killed a hornet
   814 | D        | Reached ** piety under Sif Muna
   814 | D        | Killed a deep troll
   815 | D        | Reached skill level 5 in Shields
   815 | D        | Reached skill level 5 in Hexes
   815 | D        | Reached skill level 10 in Fire Magic
   815 | D        | Reached skill level 5 in Air Magic
   815 | D        | Reached XP level 9. HP: 59/59 MP: 5/21
   815 | D        | Killed a yaktaur
   818 | D        | Killed a polar bear
   818 | D        | Reached *** piety under Sif Muna
   823 | D        | Noticed an orange crystal statue
   832 | D        | Noticed a death drake
   871 | D        | Killed a death drake
   872 | D        | Gained mutation: Your muscles are strong. (Str +4, Int/Dex
                  | -1) [potion of mutation]
   872 | D        | Gained mutation: You expend magic power (3 MP) to
                  | strengthen your wands. [potion of mutation]
  1019 | D        | Noticed an obsidian statue
  1024 | D        | Found Dalany's Antique Armour Emporium.
  1025 | D        | Found Umuar's Jewellery Emporium.
  1025 | D        | Found Fohawk's Weapon Shoppe.
  1029 | D        | Found Amogipn's Book Shoppe.
  1029 | D        | Found Ibbierum's Antique Weapon Emporium.
  1032 | D        | Reached skill level 11 in Fire Magic
  1032 | D        | Reached XP level 10. HP: 11/65 MP: 17/23
  1214 | D        | Found Punlowk's Antique Armour Emporium.
  1214 | D        | Found Ruennan's Antique Weapon Shoppe.
  1215 | D        | Found Tacvoz's Jewellery Emporium.
  1215 | D        | Found Xabiodgh's Magic Scroll Shoppe.
  1216 | D        | Found Visih's Distillery.
  1232 | D        | Reached **** piety under Sif Muna
  1271 | D        | Learned a level 6 spell: Plasma Beam
  1283 | D        | Noticed Menkaure
  1284 | D        | Killed a merfolk siren
  1285 | D        | Killed Menkaure
  1299 | D        | Found Puregatu's Antique Weapon Emporium.
  1299 | D        | Found Ihucuma's Armour Shoppe.
  1299 | D        | Noticed an oklob plant
  1300 | D        | Found Zucsom's Magic Scroll Shoppe.
  1300 | D        | Found Heyleil's Distillery.
  1300 | D        | Found Fegrior's Book Shoppe.
  1330 | D        | Bought a masterwork dagger for 161 gold pieces
  1330 | D        | Identified the +7 dagger of Nightmares {freeze, rElec rF+
                  | rCorr} (You bought it in a shop in the Dungeon)
  1333 | D        | Bought a book of Spatial Translocations for 216 gold pieces
  1343 | D        | Learned a level 2 spell: Blink
  1346 | D        | Bought a ring of poison resistance for 260 gold pieces
  1346 | D        | Bought a ring of protection from cold for 325 gold pieces
  1408 | D        | Noticed a centaur warrior
  1408 | D        | Noticed Kirke
  1408 | D        | Noticed a skeletal warrior
  1409 | D        | Noticed a kobold demonologist
  1433 | D        | Killed a boulder beetle
  1434 | D        | Reached skill level 10 in Spellcasting
  1434 | D        | Reached skill level 1 in Translocations
  1620 | D        | Bought a ring of fire for 325 gold pieces
  1625 | D        | Bought a potion of lignification for 36 gold pieces
  1625 | D        | Bought a potion of lignification for 36 gold pieces
  1625 | D        | Bought a potion of heal wounds for 60 gold pieces
  1632 | D        | Bought a potion of curing for 39 gold pieces
  1672 | D        | Killed a boulder beetle
  1672 | D        | Reached ***** piety under Sif Muna
  1674 | D        | Noticed a crystal guardian
  1674 | D        | Noticed a death drake
  2392 | D        | Killed a kraken
  2393 | D        | Reached skill level 12 in Fire Magic
  2530 | D        | Noticed a sphinx
  2530 | D        | Noticed a sphinx
  2560 | D        | Killed a sphinx
  2561 | D        | Reached XP level 11. HP: 21/70 MP: 4/26
  2565 | D        | HP: 3/105 [sphinx (16)]
  2566 | D        | Lost mutation: Your muscles are strong. (Str +4, Int/Dex
                  | -1) [potion of mutation]
  2566 | D        | Lost mutation: You expend magic power (3 MP) to strengthen
                  | your wands. [potion of mutation]
  2566 | D        | Gained mutation: Your skin blends seamlessly with your
                  | surroundings (Stealth++). [potion of mutation]
  2566 | D        | Gained mutation: You expend magic power (3 MP) to
                  | strengthen your wands. [potion of mutation]
  2566 | D        | Gained mutation: You are covered in fur. (AC +1) [potion of
                  | mutation]
  2566 | D        | Slain by a sphinx

Illustrated notes

Levels and vault maps discovered:
D:        the_violet_keep_of_menkaure [sprint2_stairs_cluster_1,
          sprint2_shoproom, sprint2_temple, sprint2_basic_supplies,
          sprint2_obstacle_3, sprint2_obstacle_4, sprint2_obstacle_5,
          sprint2_obstacle_6, sprint2_obstacle_7, sprint2_timed_cluster_1,
          sprint2_smallroom_cluster_1, sprint2_smallroom_final_cluster_1,
          sprint2_transparent_cluster_1, sprint2_second_timed_cluster_1,
          sprint2_sniper_area_1, sprint2_heavy_combat_area_1,
          sprint2_mutation_trap_area_1, sprint2_forest_area_1,
          sprint2_light_combat_area_1, sprint2_behind_water_1,
          sprint2_near_end_vault_1]

Skill      XL: |  1  2  3  4  5  6  7  8  9 10 |
---------------+-------------------------------+-----
Fighting       | 2 3 4 |  4.9
Stealth        | 3 4 5 6 |  6.0
Unarmed Combat | 2 3 |  3.3
Conjurations   | 2 3 4 5 6 7 8 9 |  9.5
Fire Magic     | 5 6 7 8 9 10 11 12 | 12.1
Dodging        | 3 4 |  4.6
Spellcasting   | 3 4 5 6 8 9 11 | 11.2
Shields        | 2 3 5 6 8 |  8.5
Hexes          | 2 3 5 6 7 |  7.0
Air Magic      | 2 4 5 |  5.8
Poison Magic   | 2 3 |  3.0
Invocations    | 2 4 6 7 9 |  9.4
Summonings     | 2 3 4 |  4.2
Translocations | 4 |  4.4

Action                     |  1- 3 |  4- 6 |  7- 9 | 10-12 || total
---------------------------+-------+-------+-------+-------++-------
  Melee: Unarmed           |     3 |    11 |       |       ||    14
         Tentacles         |     2 |     5 |       |     1 ||     8
         Constrict         |     1 |     3 |       |     1 ||     5
         Hand axe          |       |     1 |       |     3 ||     4
         Dagger            |       |       |       |     1 ||     1
   Cast: Scorch            |       |     7 |    15 |    25 ||    47
         Foxfire           |       |     2 |    16 |    27 ||    45
         Inner Flame       |       |     1 |     9 |    23 ||    33
         Mephitic Cloud    |       |       |     2 |    12 ||    14
         Call Canine Famil |       |       |     2 |    12 ||    14
         Flame Wave        |       |       |     1 |     5 ||     6
 Invoke: Channel Magic     |       |       |     1 |     1 ||     2
    Use: Potion            |     2 |     1 |     7 |     6 ||    16
         Scroll            |       |       |       |     7 ||     7
   Stab: Sleeping          |       |       |       |     1 ||     1
 Armour: Skin              |     1 |     6 |    10 |    50 ||    67
  Dodge: Dodged            |       |     4 |       |     9 ||    13
  Block: Buckler           |       |       |       |     9 ||     9

Table legend: (Time is in decaauts)
 A = Elapsed time spent in this place.
 B = Non-inter-level travel time spent in this place.
 C = Inter-level travel time spent in this place.
 D = Time resting spent in this place.
 E = Time spent auto-exploring this place.
 F = Levels seen in this place.
 G = Mean time per level.
                   A        B        C        D        E       F      G
               +--------+--------+--------+--------+--------+-----+--------+
         Total |   2557 |   2557 |      0 |   1305 |      0 |   1 | 2557.0 |
       Dungeon |   2557 |   2557 |      0 |   1305 |      0 |   1 | 2557.0 |
               +--------+--------+--------+--------+--------+-----+--------+

Top non-repeatable levels by time:
       D: 2557 daAuts
